 Dungeon Crawl Stone Soup version 0.18.1-50-g88ac8fd (webtiles) character file.

29935 Amnesiac the Grand Gadgeteer (level 13, 0/70 HPs)
             Began as a Deep Elf Fighter on Mar 2, 2018.
             Was the Champion of Pakellas.
             Killed by vampiric draining
             ... invoked by a vampire (illusionary)
              (12 damage)
             ... on level 14 of the Dungeon.
             The game lasted 00:47:08 (16136 turns).

Amnesiac the Grand Gadgeteer (Deep Elf Fighter)    Turns: 16136, Time: 00:47:09

Health: 0/70       AC: 10    Str: 17    XL:     13   Next: 17%
Magic:  18/28      EV: 20    Int: 15    God:    Pakellas [******]
Gold:   1084       SH:  5    Dex: 14    Spells: 5 memorised, 2 levels left

rFire  . . .     SeeInvis .     b - +5 lightning rod (0/13)
rCold  . . .     Gourm    .     N - +0 steam dragon armour
rNeg   . . .     Faith    .     g - +0 buckler
rPois  .         Spirit   .     y - +2 helmet
rElec  .         Dismiss  .     k - +0 cloak
rCorr  .         Reflect  .     (no gloves)
SustAt .         Harm     .     (no boots)
MR     +....                    M - amulet of regeneration
Stlth  +++.......               A - +3 ring of evasion
                                q - +2 ring of evasion

@: somewhat resistant to hostile enchantments, fairly stealthy
A: no striking features
a: Quick Charge, Device Surge, Supercharge, Renounce Religion


You were on level 14 of the Dungeon.
You worshipped Pakellas.
Pakellas was exalted by your worship.
You were hungry.

You visited 2 branches of the dungeon, and saw 15 of its levels.

You collected 1084 gold pieces.

Inventory:

Hand Weapons
 a - a +3 dagger of venom
 w - a +0 blowgun
Missiles
 i - 110 poisoned needles
 Y - 9 curare-tipped needles
Armour
 g - a +0 buckler (worn)
 k - a +0 cloak (worn)
 y - a +2 helmet (worn)
 N - a +0 steam dragon armour (worn)
Rods
 b - a +5 lightning rod (0/13) (in hand)
   (Pakellas gifted it to you on level 6 of the Dungeon)
Jewellery
 p - an uncursed ring of fire
 q - a +2 ring of evasion (left hand)
 A - a +3 ring of evasion (right hand)
 M - an amulet of regeneration (around neck)
 R - an uncursed ring of resist corrosion
 V - an uncursed amulet of guardian spirit {unknown}
 X - a cursed ring of loudness {unknown}
Wands
 e - a wand of confusion (12/48)
 j - a wand of flame (17/48)
 u - a wand of acid (0/15)
 z - a wand of enslavement (8/24)
 I - a wand of random effects (22/48)
 S - a wand of lightning (0/15)
 W - a wand of digging (14/24)
Scrolls
 n - 2 scrolls of remove curse {!r}
 B - 2 scrolls of identify {!r}
 D - 2 scrolls of enchant armour {!r}
 Q - a scroll of enchant weapon {!r}
 T - a scroll of fear {!r}
Potions
 c - 3 potions of flight {!q}
 d - 2 potions of might {!q}
 h - 10 potions of curing {!q}
 l - 2 potions of mutation {!q}
 o - 4 potions of agility {!q}
 r - 2 potions of lignification {!q}
 F - a potion of invisibility {!q}
 H - 2 potions of haste {!q}
 L - 2 potions of heal wounds {!q}
 O - 8 potions of magic {!q}
 P - a potion of berserk rage {!q}
Books
 t - a book of Battle

   Spells                             Type                      Level
   a - Infusion                       Charms                       1
   b - Shroud of Golubria             Charms/Translocation         2
   c - Song of Slaying                Charms                       2
   d - Spectral Weapon                Hexes/Charms                 3
   e - Regeneration                   Charms/Necromancy            3
 J - a book of Cantrips

   Spells                             Type                      Level
   a - Corona                         Hexes                        1
   b - Animate Skeleton               Necromancy                   1
   c - Summon Small Mammal            Summoning                    1
   d - Apportation                    Translocation                1
Miscellaneous
 C - a sack of spiders
 E - a phial of floods (inert)
 K - a lamp of fire
Comestibles
 f - 10 bread rations
 m - 12 meat rations
 v - 2 slices of pizza
 x - 2 beef jerkies
 G - 10 royal jellies
 U - 2 fruits


   Skills:
 - Level 4.0 Fighting
 - Level 8.0 Short Blades
 - Level 4.0 Armour
 - Level 6.0 Dodging
 - Level 6.0 Stealth
 - Level 4.0 Shields
 + Level 19.0 Evocations


You had 2 spell levels left.
You knew the following spells:

 Your Spells              Type           Power        Failure   Level  Hunger
a - Cure Poison           Pois           #.........   38%         2    ###....
b - Apportation           Tloc           #.........   28%         1    ##.....
c - Infusion              Chrm           #...         28%         1    ##.....
d - Spectral Weapon       Hex/Chrm       #.......     80%         3    ####...
e - Mephitic Cloud        Conj/Pois/Air  #.......     80%         3    ####...


Dungeon Overview and Level Annotations

Branches:
Dungeon (14/15)            Temple (1/1) D:4            Lair (0/8) D:9
    Orc (0/2) D:9
 Vaults: D:13-14

Altars:
Ashenzari
Cheibriados
Dithmenos
Elyvilon
Fedhas
Gozag
Kikubaaqudgha
Makhleb
Nemelex Xobeh
Okawaru
Pakellas
Qazlal
Ru
Sif Muna
Trog
Vehumet
Xom
Yredelemnul
Zin
The Shining One

Shops:
D:9 !   D:10 (   D:13 [   D:14 (

Annotations:
D:14 Rupert


Message History

You hear a shout!
You hear some strange, mumbled words.
Something tries to affect you, but you resist.
Aiming: Thunderbolt
Press: ? - help, Shift-Dir - straight line, f/p - rakshasa
Aim: a rakshasa, wielding a long sword and wearing a robe (almost dead) Really zap your water elemental?
Okay, then.
Unknown command.
Aiming: Thunderbolt
Press: ? - help, Shift-Dir - straight line, f/p - rakshasa
Aim: a rakshasa, wielding a long sword and wearing a robe (almost dead) Really zap your water elemental?
The lightning hits something.
The lightning hits the five-headed hydra.
The five-headed hydra is severely wounded.
The lightning hits the rakshasa.
The rakshasa is almost dead.
The lightning hits your water elemental.
Your water elemental resists.
Your water elemental is severely damaged.
The lightning hits the basilisk.
The basilisk is moderately wounded.
The rakshasa weaves an illusion.
Read which item? (? for menu, Esc to quit)
Okay, then.
Evoke which item? (* to show all) (? for menu, Esc to quit)
Zapping:
z - a wand of enslavement (11/24)
Press: ? - help, Shift-Dir - straight line, f - five-headed hydra, p - rakshasa
Aim: a five-headed hydra (severely wounded, chance to defeat MR: 44%)
The five-headed hydra resists with some effort.
This wand has 10 charges left.
Something closely misses you. Something bites you but does no damage.
Evoke which item? (* to show all) (? for menu, Esc to quit)
Zapping:
z - a wand of enslavement (10/24)
Press: ? - help, Shift-Dir - straight line, p - five-headed hydra Nothing appears to happen.
This wand has 9 charges left.
The five-headed hydra closely misses you.
The five-headed hydra misses you.
The five-headed hydra bites you but does no damage.
The five-headed hydra closely misses you.
You block the five-headed hydra's attack.
Something hits you. Something bites you.
* * * LOW HITPOINT WARNING * * *
Something draws strength from your injuries!
Evoke which item? (* to show all) (? for menu, Esc to quit)
Zapping:
z - a wand of enslavement (9/24)
Press: ? - help, Shift-Dir - straight line, f - five-headed hydra
Aim: a five-headed hydra (severely wounded, chance to defeat MR: 44%)
The five-headed hydra resists with some effort.
This wand has 8 charges left.
The five-headed hydra bites you!
* * * LOW HITPOINT WARNING * * *
You block the five-headed hydra's attack.
The five-headed hydra bites you but does no damage.
The five-headed hydra bites you.
* * * LOW HITPOINT WARNING * * *
The five-headed hydra closely misses you.
Something hits you.
* * * LOW HITPOINT WARNING * * *
Something bites you!
* * * LOW HITPOINT WARNING * * *
Something draws strength from your injuries!
Unholy energy fills the air.
You die...
Pakellas says: Back to the drawing board!

###########
#@...#....######
#.DR.#..........
#....#............
#..Ele............
#....*............
#....9R...........
######†...##......
#.................
#.............*...


You could see a five-headed hydra, 2 rakshasas, a water elemental, a deep elf
mage, a basilisk, a gargoyle and a battlesphere.

Vanquished Creatures
  Gastronok (D:11)
  The ghost of Amnesiac the Grand Gadgeteer, a journeyman DEFi of Pakellas (D:14)
  A hydra (D:12)
  2 centaur warriors
  Sonja (D:13)
  3 skeletal warriors
  The ghost of Amnesiac the Grand Gadgeteer, a novice DEFi of Pakellas (D:10)
  An unseen horror (D:10)
  Pikel (D:7)
  2 hill giants
  A necromancer (D:14)
  2 ugly things (D:12)
  2 deep elf magi
  2 manticores
  A centaur zombie (D:14)
  The ghost of Amnesiac the Covered, a novice DEFi of Pakellas (D:5)
  Joseph (D:8)
  A gargoyle (D:9)
  A freezing wraith (D:9)
  6 trolls
  3 two-headed ogres
  4 slime creatures
  Sigmund (D:6)
  Eustachio (D:6)
  21 yaks
  2 steam dragons (D:9)
  7 hippogriffs
  A hungry ghost (D:12)
  A mottled dragon (D:13)
  Edmund (D:5)
  Duvessa (D:5)
  A sky beast (D:9)
  A slave (D:7)
  3 ice beasts
  2 black bears (D:8)
  A wasp (D:7)
  11 orc warriors
  2 necrophages
  A phantom (D:9)
  7 ogres
  A centaur (D:6)
  A crocodile (D:11)
  Blork the orc (D:5)
  3 big kobolds
  A wyvern zombie (D:6)
  8 giant frogs
  Dowan (D:5)
  5 scorpions
  19 killer bees
  17 wights
  4 howler monkeys (D:11)
  10 crimson imps
  A giant frog zombie (D:13)
  5 hounds
  8 orc wizards
  A wasp zombie (D:13)
  Crazy Yiuf (D:6)
  3 giant frog skeletons
  3 orc priests
  10 jellies
  2 centaur skeletons
  2 iguanas
  13 worker ants
  A hound zombie (D:8)
  A hound skeleton (D:6)
  Robin (D:2)
  7 gnolls
  7 adders
  2 shadow imps
  3 adder zombies
  10 oozes
  2 worms (D:4)
  2 dart slugs (D:2)
  10 giant geckos
  50 orcs
  A ball python (D:8)
  3 giant cockroaches
  17 goblins
  17 hobgoblins
  17 jackals
  3 quokkas
  6 bats
  3 giant newts
  21 kobolds
  A quokka skeleton (D:4)
  2 quokka zombies
  7 rats
  A fungus (D:6)
419 creatures vanquished.

Vanquished Creatures (collateral kills)
  Snorg (D:11)
  A hill giant (D:8)
  A yak (D:9)
  An orc warrior (D:9)
  An ogre (D:9)
  A giant frog (D:9)
  2 wights (D:9)
  An ooze (D:6)
9 creatures vanquished.

Vanquished Creatures (others)
  A hill giant (D:14)
  An ugly thing (D:9)
  A slime creature (D:6)
  A sky beast (D:14)
  A wasp (D:14)
  An ooze (D:6)
  5 fungi (D:6)
11 creatures vanquished.

Grand Total: 439 creatures vanquished

Notes
Turn   | Place    | Note
--------------------------------------------------------------
     0 | D:1      | Amnesiac the Deep Elf Fighter began the quest for the Orb.
     0 | D:1      | Reached XP level 1. HP: 13/13 MP: 3/3
    81 | D:1      | Reached skill level 1 in Dodging
   171 | D:3      | Noticed an orc wizard
   183 | D:2      | Reached XP level 2. HP: 17/18 MP: 4/4
   197 | D:3      | Found a white marble altar of Elyvilon.
   279 | D:4      | Reached skill level 1 in Evocations
   380 | D:3      | Reached skill level 2 in Evocations
   380 | D:3      | Reached XP level 3. HP: 15/22 MP: 4/7
   387 | D:3      | Found an iron altar of Okawaru.
   511 | D:4      | Found an oddly glowing altar of Pakellas.
   519 | D:4      | Became a worshipper of Pakellas the Inventive
   781 | D:1      | Reached skill level 3 in Evocations
  1380 | D:2      | Reached XP level 4. HP: 27/27 MP: 8/8
  1420 | D:2      | Reached * piety under Pakellas
  1420 | D:2      | Received a gift from Pakellas
  1503 | D:2      | Found a faded altar to an unknown god.
  1705 | D:2      | Reached skill level 1 in Stealth
  1885 | D:2      | Noticed Robin
  1886 | D:2      | Reached ** piety under Pakellas
  1886 | D:2      | Received a gift from Pakellas
  1899 | D:2      | Killed Robin
  2509 | D:3      | Found a glowing silver altar of Zin.
  2525 | D:3      | Reached XP level 5. HP: 9/31 MP: 9/9
  2679 | D:4      | Noticed an ogre
  2768 | D:4      | Killed an ogre
  2768 | D:4      | Reached XP level 6. HP: 36/36 MP: 10/10
  2933 | D:4      | Reached skill level 5 in Stealth
  3024 | D:4      | Reached *** piety under Pakellas
  3024 | D:4      | Received a gift from Pakellas
  3104 | D:4      | Found a staircase to the Ecumenical Temple.
  3131 | Temple   | Entered the Ecumenical Temple
  3210 | D:4      | Reached XP level 7. HP: 40/40 MP: 11/11
  3731 | D:5      | Entered Level 5 of the Dungeon
  3731 | D:5      | Noticed Amnesiac's ghost (novice DEFi)
  3742 | D:5      | Killed Amnesiac's ghost
  3742 | D:5      | Reached skill level 5 in Short Blades
  3786 | D:5      | Noticed a hippogriff
  3790 | D:5      | Killed a hippogriff
  3790 | D:5      | Reached XP level 8. HP: 45/45 MP: 12/12
  3902 | D:5      | Noticed Edmund
  3951 | D:5      | Killed Edmund
  4122 | D:5      | Found a shimmering altar of Xom.
  4162 | D:5      | Noticed Blork the orc
  4176 | D:5      | Killed Blork the orc
  4450 | D:5      | Noticed Dowan
  4497 | D:5      | Noticed Duvessa
  4513 | D:5      | Killed Dowan
  4544 | D:5      | Reached **** piety under Pakellas
  4544 | D:5      | Received a gift from Pakellas
  4956 | D:5      | Killed Duvessa
  4997 | D:6      | Reached skill level 4 in Evocations
  5057 | D:6      | Noticed Eustachio
  5082 | D:6      | Killed Eustachio
  5082 | D:6      | Reached skill level 5 in Evocations
  5128 | D:6      | Noticed Sigmund
  5212 | D:6      | Killed Sigmund
  5212 | D:6      | Reached skill level 6 in Evocations
  5212 | D:6      | Reached XP level 9. HP: 42/49 MP: 15/15
  5371 | D:6      | Reached skill level 7 in Evocations
  6010 | D:5      | Found an oddly glowing altar of Pakellas.
  6101 | D:6      | Reached ***** piety under Pakellas
  6101 | D:6      | Received a gift from Pakellas
  6311 | D:6      | Noticed Crazy Yiuf
  6313 | D:6      | Killed Crazy Yiuf
  6837 | D:7      | Noticed Pikel
  6855 | D:7      | Killed Pikel
  7460 | D:8      | Reached XP level 10. HP: 56/56 MP: 17/17
  7501 | D:8      | Reached skill level 8 in Evocations
  7912 | D:8      | Noticed Joseph
  7924 | D:8      | Killed Joseph
  7924 | D:8      | Reached skill level 9 in Evocations
  8341 | D:9      | Learned a level 2 spell: Cure Poison
  8345 | D:9      | Learned a level 3 spell: Mephitic Cloud
  8379 | D:9      | Noticed a centaur warrior
  8387 | D:9      | Killed a centaur warrior
  8387 | D:9      | Reached skill level 10 in Evocations
  8389 | D:9      | Reached skill level 11 in Evocations
  8413 | D:9      | Got a colourful robe
  8474 | D:9      | Noticed a green ugly thing
  8498 | D:9      | Noticed a hill giant
  8501 | D:9      | Noticed a gargoyle
  8593 | D:8      | Killed a hill giant
  8593 | D:8      | Reached skill level 12 in Evocations
  8691 | D:9      | Reached XP level 11. HP: 61/61 MP: 22/22
  8695 | D:9      | Found Viskaag's Distillery.
  8744 | D:9      | Found a staircase to the Lair.
  8780 | D:9      | Reached ****** piety under Pakellas
  9124 | D:9      | Found a stormy altar of Qazlal.
  9124 | D:9      | Found a sparkling altar of Nemelex Xobeh.
  9189 | D:9      | Reached skill level 13 in Evocations
  9236 | D:9      | Learned a level 1 spell: Apportation
  9238 | D:9      | Learned a level 1 spell: Infusion
  9242 | D:9      | Learned a level 3 spell: Spectral Weapon
  9369 | D:9      | Identified the +2 robe of the Unseen Realm {rN+} (You found it on level 9 of the Dungeon)
  9847 | D:9      | Found a staircase to the Orcish Mines.
  9954 | D:9      | Found a shattered altar of Ashenzari.
 10050 | D:10     | Entered Level 10 of the Dungeon
 10125 | D:10     | Got an ichor-stained chain mail
 10193 | D:10     | Found Epyog's Antique Weapon Boutique.
 10205 | D:10     | Killed an unseen horror
 10205 | D:10     | Reached skill level 14 in Evocations
 10361 | D:10     | Noticed Amnesiac's ghost (novice DEFi)
 10383 | D:10     | Killed Amnesiac's ghost
 10628 | D:10     | Identified the cursed +1 chain mail "Nool" {Str+2} (You found it on level 10 of the Dungeon)
 10917 | D:11     | Found a snail-covered altar of Cheibriados.
 10923 | D:11     | Noticed Snorg
 10939 | D:11     | Killed Snorg
 11135 | D:11     | Reached skill level 15 in Evocations
 11369 | D:11     | Noticed Gastronok
 11614 | D:11     | Noticed a deep elf mage
 11648 | D:11     | Killed a deep elf mage
 12019 | D:11     | Reached XP level 12. HP: 66/66 MP: 25/25
 12229 | D:12     | Found a basalt altar of Yredelemnul.
 12358 | D:12     | Reached skill level 16 in Evocations
 12716 | D:13     | Noticed a centaur warrior
 12840 | D:13     | Killed a centaur warrior
 12944 | D:13     | Noticed Sonja
 12950 | D:13     | Killed Sonja
 13214 | D:13     | Found Ynwa's Antique Armour Shop.
 13303 | D:13     | Reached skill level 17 in Evocations
 13703 | D:12     | Noticed a four-headed hydra
 13776 | D:12     | Killed a four-headed hydra
 14183 | D:11     | Found a snail-covered altar of Cheibriados.
 14522 | D:11     | Killed Gastronok
 14522 | D:11     | Reached skill level 18 in Evocations
 15388 | D:14     | Found an oddly glowing altar of Pakellas.
 15497 | D:14     | Reached XP level 13. HP: 66/70 MP: 28/28
 15607 | D:14     | HP: 2/70 [skeletal warrior/hand axe of chopping (7)]
 15766 | D:14     | Noticed Amnesiac's ghost (journeyman DEFi)
 15980 | D:14     | Killed Amnesiac's ghost
 15980 | D:14     | Reached skill level 19 in Evocations
 16081 | D:14     | Noticed Rupert
 16081 | D:14     | Paralysed by Rupert for 4 turns
 16121 | D:14     | Found Tofan's Antique Weapon Boutique.
 16136 | D:14     | Killed from afar by a vampire (illusionary)

Skill      XL: |  1  2  3  4  5  6  7  8  9 10 11 12 13 |
---------------+----------------------------------------+-----
Dodging        | 2 6 |  6.0
Evocations     | 2 3 6 7 12 15 18 19 | 19.0
Stealth        | 3 5 6 |  6.0
Shields        | 3 4 |  4.0
Short Blades   | 6 8 |  8.0
Armour         | 4 |  4.0
Fighting       | 4 |  4.0

Action                   |  1- 3 |  4- 6 |  7- 9 | 10-12 | 13-15 || total
-------------------------+-------+-------+-------+-------+-------++-------
Melee: Rapier            |    52 |       |       |       |       ||    52
       Dagger            |    46 |   205 |   597 |   799 |    69 ||  1716
 Fire: Blowgun           |       |       |       |    12 |       ||    12
Invok: Quick Charge      |       |       |       |     1 |     1 ||     2
Evoke: Wand              |     2 |       |    12 |    32 |    19 ||    65
       Lamp of fire      |       |       |     1 |     2 |       ||     3
       Rod               |       |       |     5 |   110 |    13 ||   128
       Phial of floods   |       |       |       |     1 |     1 ||     2
  Use: Scroll            |       |       |    12 |    10 |     1 ||    23
       Potion            |       |       |       |     1 |       ||     1
 Stab: Confused          |       |       |     6 |     8 |       ||    14
       Sleeping          |       |       |     2 |    12 |       ||    14
       Distracted        |       |       |     1 |     2 |       ||     3
  Eat: Chunk             |     1 |     6 |    15 |    27 |     1 ||    50
Armor: Scale mail        |    37 |    57 |    67 |       |       ||   161
       Plate armour      |       |       |   123 |    80 |       ||   203
       Steam dragon armo |       |       |       |    89 |    22 ||   111
Dodge: Dodged            |    34 |    82 |   156 |   456 |    42 ||   770
Block: Shield            |    22 |       |       |       |       ||    22
       Buckler           |     7 |    39 |    98 |   124 |    13 ||   281
